 Dungeon Crawl Stone Soup version 0.19-a0-746-g995b792 (webtiles) character file.

374 TheGoonsmith the Poker (level 6, 0/44 HPs)
             Began as a Merfolk Skald on June 24, 2016.
             Succumbed to TheGoonsmith's ghost's poison
             ... on level 3 of the Dungeon.
             The game lasted 00:07:43 (3579 turns).

TheGoonsmith the Poker (Merfolk Skald)              Turns: 3579, Time: 00:07:43

Health: 0/44       AC: 11    Str: 19    XL:     6   Next: 72%
Magic:  7/10       EV: 12    Int: 18    God:
Gold:   135        SH:  0    Dex: 13    Spells: 4 memorised, 2 levels left

rFire  . . .     SeeInvis .     p - +0 trident
rCold  . . .     Gourm    .     m - +2 robe {MR+}
rNeg   . . .     Faith    .     (no shield)
rPois  .         Spirit   .     (helmet restricted)
rElec  .         Dismiss  .     (no cloak)
rCorr  .         Reflect  .     q - +2 pair of gloves
SustAt .         Harm     .     (no boots)
MR     +....                    (no amulet)
Stlth  +.........               (no ring)
                                (no ring)

@: mighty, brilliant, lethally poisoned (0 -> 0), very slightly contaminated,
somewhat resistant to hostile enchantments, very unstealthy
A: change form in water, swift swim, horns 1, rough black scales 1, strong 1
a: no special abilities


You were on level 3 of the Dungeon.
You were not hungry.

You visited 1 branch of the dungeon, and saw 3 of its levels.
You also visited: Sewer.

You collected 135 gold pieces.

Inventory:

Hand Weapons
 a - a +0 spear
 p - a +0 trident (weapon)
Armour
 b - a +0 leather armour
 m - a +2 robe of magic resistance (worn)
 q - a +2 pair of gloves (worn)
 t - a cursed +0 robe
Scrolls
 k - 4 scrolls of identify {unknown}
 n - 3 scrolls of teleportation
Books
 c - a book of Battle

   Spells                             Type                      Level
   a - Infusion                       Charms                       1
   b - Shroud of Golubria             Charms/Translocation         2
   c - Song of Slaying                Charms                       2
   d - Spectral Weapon                Hexes/Charms                 3
   e - Regeneration                   Charms/Necromancy            3
Comestibles
 f - a beef jerky
 g - 2 slices of pizza
 o - a meat ration
 s - 2 chunks of flesh


   Skills:
 - Level 2.1 Fighting
 - Level 6.0 Polearms
 - Level 0.6 Armour
 - Level 1.3 Dodging
 - Level 3.0 Spellcasting
 + Level 3.0 Hexes
 + Level 5.1 Charms


You had 2 spell levels left.
You knew the following spells:

 Your Spells              Type           Power        Failure   Level  Hunger
a - Infusion              Chrm           ####         1%          1    None
b - Song of Slaying       Chrm           ####....     1%          2    ##.....
c - Spectral Weapon       Hex/Chrm       ####....     1%          3    ###....
r - Regeneration          Chrm/Necr      ###.......   2%          3    ###....


Dungeon Overview and Level Annotations

Branches:
Dungeon (3/15)

Altars:
Gozag
Makhleb


Innate Abilities, Weirdness & Mutations

You revert to your normal form in water.
You are very nimble and swift while swimming.
You have a pair of small horns on your head.
You are partially covered in rough black scales. (AC +4, Dex -1)
Your muscles are strong. (Str +2)


Message History

You feel sick.
* * * LOW HITPOINT WARNING * * *
You feel sick.
Found a stone staircase leading down.
* * * LOW HITPOINT WARNING * * *
You feel sick.
Your extra speed is starting to run out.
* * * LOW HITPOINT WARNING * * *
You feel sick.
There is a stone staircase leading down here.
You feel yourself slow down.
* * * LOW HITPOINT WARNING * * *
You feel sick.
You aren't carrying any potions.
* * * LOW HITPOINT WARNING * * *
You feel sick.
* * * LOW HITPOINT WARNING * * *
You feel sick.
Found 11 gold pieces.
You die...

........>#########
.................#
################.#
#.# #.# #.# #.#
#.# #@# #.# #.#
#.# #.# #$# #.#
..#


There were no monsters in sight!

Vanquished Creatures
  The ghost of TheGoonsmith the Cudgeler, an amateur GrGl (D:3)
  An orc priest (D:3)
  Jessica (D:2)
  11 adders
  3 worms
  3 giant geckos
  5 orcs
  7 giant cockroaches
  7 hobgoblins
  14 jackals
  9 kobolds
  3 ball pythons
  11 bats
  5 giant newts
  9 goblins
  8 rats
98 creatures vanquished.

Notes
Turn   | Place    | Note
--------------------------------------------------------------
     0 | D:1      | TheGoonsmith the Merfolk Skald began the quest for the Orb.
     0 | D:1      | Reached XP level 1. HP: 16/16 MP: 3/3
   193 | D:1      | Reached XP level 2. HP: 18/22 MP: 1/5
   258 | D:1      | Reached skill level 4 in Polearms
   946 | D:2      | Learned a level 2 spell: Song of Slaying
   973 | D:2      | Reached XP level 3. HP: 27/27 MP: 1/6
  1022 | D:2      | Learned a level 3 spell: Spectral Weapon
  1064 | D:2      | Found a faded altar of an unknown god.
  1119 | D:2      | Noticed Jessica
  1127 | D:2      | Killed Jessica
  1127 | D:2      | Reached skill level 1 in Hexes
  1127 | D:2      | Reached XP level 4. HP: 33/33 MP: 1/7
  1232 | D:2      | Reached skill level 5 in Polearms
  1951 | D:3      | Found an opulent altar of Gozag.
  1987 | D:3      | Reached XP level 5. HP: 34/38 MP: 2/8
  2130 | D:3      | Noticed TheGoonsmith's ghost (amateur GrGl)
  2397 | D:3      | Found a glowing drain.
  2424 | Sewer    | Entered a sewer
  3273 | D:3      | Reached XP level 6. HP: 29/44 MP: 3/10
  3333 | D:3      | Learned a level 3 spell: Regeneration
  3440 | D:3      | Reached skill level 6 in Polearms
  3526 | D:3      | HP: 2/66 [TheGoonsmith's ghost (9)]
  3530 | D:3      | Killed TheGoonsmith's ghost
  3530 | D:3      | Reached skill level 5 in Charms
  3545 | D:3      | Gained mutation: Your muscles are strong. (Str +2) [potion of mutation]
  3545 | D:3      | Gained mutation: You are partially covered in rough black scales. (AC +4, Dex -1) [potion of mutation]
  3545 | D:3      | Gained mutation: You have a pair of small horns on your head. [potion of mutation]
  3552 | D:3      | Found a burning altar of Makhleb.
  3563 | D:3      | HP: 2/44 [poisoned by TheGoonsmith's ghost]
  3571 | D:3      | HP: 1/44 [poisoned by TheGoonsmith's ghost]
  3579 | D:3      | Succumbed to TheGoonsmith's ghost's poison

Vault maps used:
D:1:      minmay_arrival_arboretum_small
D:2:      ecumenical_altar_2, uniq_jessica
D:3:      nicolae_gozag_cash_rules_everything_around_me,
          overflow_temple_1_default, portal_sewer_entry_f
Sewer:    sewer_co_scattered_pipes

Skill      XL: |  1  2  3  4  5  6 |
---------------+-------------------+-----
Polearms       | 4 5 6 |  6.0
Hexes          | 1 2 3 |  3.0
Charms         | 4 5 |  5.1
Spellcasting   | 3 |  3.0
Fighting       | |  2.1
Armour         | |  0.6
Dodging        | |  1.3

Action                   |  1- 3 |  4- 6 || total
-------------------------+-------+-------++-------
Melee: Spear             |   104 |    43 ||   147
       Trident           |       |   206 ||   206
       Tailslap          |       |     4 ||     4
 Cast: Infusion          |    15 |    26 ||    41
       Spectral Weapon   |       |     2 ||     2
  Use: Potion            |       |    13 ||    13
       Scroll            |       |     2 ||     2
 Stab: Sleeping          |       |     3 ||     3
  Eat: Chunk             |     1 |     7 ||     8
       Bread ration      |       |     1 ||     1
Armor: Leather armour    |    23 |       ||    23
       Robe              |       |    66 ||    66
       Skin              |       |     4 ||     4
Dodge: Dodged            |    50 |   141 ||   191
